 Dungeon Crawl Stone Soup version 0.31-a0-1074-g0b22e4e0f1 (webtiles) character file.

Game seed: 3233762801933186403

332527 croobank the Spry (level 20, -1/124 HPs)
             Began as a Felid Summoner on Nov 30, 2023.
             Was an Initiate of Gozag.
             Slain by an Executioner (4 damage)
             ... summoned by a deep elf demonologist
             ... on level 1 of the Vaults on Dec 2, 2023.
             The game lasted 05:54:14 (66936 turns).

croobank the Spry (Felid Summoner)                 Turns: 66936, Time: 05:54:14

Health: -1/124     AC:  9    Str:  9    XL:     20   Next: 89%
Magic:  33/49      EV: 26    Int: 25    God:    Gozag
Gold:   5647       SH:  0    Dex: 17    Spells: 0/49 levels left
                                        Lives:  0   Deaths: 6

rFire   + .          .
                       - Unarmed
rCold   + . .        (shield unavailable)
rNeg    . . .        (body armour unavailable)
rPois   +            (helmet unavailable)
rElec   +            (cloak unavailable)
rCorr   +            (gloves unavailable)
SInv    +            (boots unavailable)
Will    +++..        B - amulet of magic regeneration
Stlth   +++          R - +5 ring of evasion
HPRegen 0.40/turn    V - ring of flight
MPRegen 0.71/turn

%: no passive effects
@: snake-form, resistant, gold aura, flying, studying Translocations
A: constrict, boosted hp, large, (claws 1), (fangs 3), see invisible, (speed 1),
(shaggy fur 3), (stealthy paws), no weapons or thrown items, no armour,
multi-lived
}: 2/15 runes: serpentine, barnacled
a: Begin Untransformation, Renounce Religion, Potion Petition, Call Merchant,
Bribe Branch


You were on level 1 of the Vaults.
You worshipped Gozag.
Gozag was greatly pleased with you.
You were an enormous anaconda.
You visited 8 branches of the dungeon, and saw 35 of its levels.
You also visited: Bailey, Gauntlet, Ice Cave and Volcano.

You collected 15638 gold pieces.
You spent 5424 gold pieces at shops.
You paid 4567 gold pieces to Gozag.

Inventory:

Hand Weapons
 O - a +0 trident
Jewellery
 g - the ring "Kobo" {rC+ Will+ Str+6 Slay+2 SInv}
   (You bought it in a shop on level 2 of the Lair of Beasts)

   [ring of strength]

   Str+6:     It affects your strength (+6).
   Slay+2:    It affects your accuracy & damage with ranged weapons and melee
   (+2).
   rC+:       It protects you from cold.
   Will+:     It increases your willpower.
   SInv:      It lets you see invisible.
 h - a +6 ring of dexterity
 j - a ring of wizardry
 s - a ring of protection from fire
 t - a +6 ring of dexterity
 A - a ring of protection from cold
 B - an amulet of magic regeneration (around neck)
 D - the ring of Lust {rElec Str+6}
   (You took it off a deep elf pyromancer on level 3 of the Elven Halls)

   [ring of strength]

   Str+6:     It affects your strength (+6).
   rElec:     It insulates you from electricity.
 F - a ring of protection from fire
 G - the ring of Zenomimn {rF+ rC++}
   (You bought it in a shop on level 2 of the Lair of Beasts)

   [ring of protection from fire]

   rF+:       It protects you from fire.
   rC++:      It greatly protects you from cold.
 K - the ring of Hospitality {rPois Str+3}
   (You found it on level 5 of the Lair of Beasts)

   [ring of poison resistance]

   Str+3:     It affects your strength (+3).
   rPois:     It protects you from poison
 N - the ring "Eshack" {Will- rCorr Str+6 Int+4}
   (You found it on level 4 of the Shoals)

   [ring of strength]

   Str+6:     It affects your strength (+6).
   Int+4:     It affects your intelligence (+4).
   Will-:     It decreases your willpower.
   rCorr:     It protects you from acid and corrosion.
 R - a +5 ring of evasion (left hand)
 V - a ring of flight (right hand)
 W - a ring of willpower
 Y - the ring "Irhamuet" {rElec rC+ EV+5}
   (You bought it in a shop on level 2 of the Lair of Beasts)

   [ring of evasion]

   EV+5:      It affects your evasion (+5).
   rC+:       It protects you from cold.
   rElec:     It insulates you from electricity.
Talismans
 Q - the serpent talisman of Ashenzari's Envy (active) {MP+9}
   (You took it off Aizul on level 2 of the Snake Pit)

   [serpent talisman]

   MP+9:      It affects your magic capacity (+9).
 S - a granite talisman
Wands
 d - a wand of digging (5)
 v - a wand of charming (39)
 x - a wand of polymorph (6)
 C - a wand of iceblast (8)
 M - a wand of flame (2)
 Z - a wand of acid (10)
Scrolls
 f - 5 scrolls of immolation
 i - 4 scrolls of amnesia
 l - a scroll of revelation
 p - 3 scrolls of poison
 q - 15 scrolls of teleportation
 u - 3 scrolls of fog
 y - 5 scrolls of vulnerability
 I - a scroll of acquirement
 J - 2 scrolls of silence
 P - a scroll of fear
 T - a scroll of torment
Potions
 b - 7 potions of enlightenment
 c - 4 potions of ambrosia
 e - 11 potions of attraction
 k - 13 potions of curing
 m - 4 potions of berserk rage
 n - 3 potions of mutation
 o - 9 potions of might
 r - 8 potions of brilliance
 w - 11 potions of haste
 E - 4 potions of lignification
 H - 2 potions of heal wounds
 U - a potion of cancellation
 X - 4 potions of resistance
Miscellaneous
 a - a sack of spiders (inert)
 z - a lightning rod (4/4)
 L - a phial of floods


   Skills:
 - Level 19.5 Fighting
 - Level 20.0 Dodging
 - Level 4.4 Stealth
 * Level 1.7 Unarmed Combat
 - Level 15.0 Spellcasting
 - Level 7.0 Hexes
 - Level 15.0 Summonings
 - Level 7.0 Necromancy
 - Level 17.6 Translocations
 - Level 7.0 Air Magic
 - Level 7.0 Earth Magic
 + Level 10.0 Shapeshifting


You couldn't memorise any spells.
You knew the following spells:

 Your Spells              Type           Power      Damage    Failure   Level
c - Call Canine Familiar  Summ           76%        N/A       1%          3
d - Summon Guardian Gole  Hex/Summ       65%        N/A       1%          3
e - Summon Lightning Spi  Summ/Air       65%        N/A       1%          4
f - Summon Mana Viper     Hex/Summ       65%        N/A       1%          5
g - Summon Cactus Giant   Summ           38%        N/A       1%          6
h - Summon Forest         Summ/Tloc      39%        N/A       1%          5
i - Borgnjor's Vile Clut  Necr/Erth      26%        N/A       4%          5
j - Summon Hydra          Summ           38%        N/A       5%          7
m - Malign Gateway        Summ/Tloc      39%        N/A       3%          7
n - Dispel Undead         Necr           52%        3d19      1%          4

Your spell library contained the following spells:

 Spells                   Type           Power      Damage    Failure   Level
 Apportation              Tloc           100%       N/A       0%          1
 Summon Small Mammal      Summ           100%       N/A       0%          1
 Call Imp                 Summ           100%       N/A       0%          2
 Gell's Gravitas          Tloc           82%        N/A       0%          3
 Teleport Other           Tloc           82%        N/A       0%          3
 Sandblast                Erth           100%       2d20      1%          1
 Shock                    Conj/Air       100%       1d9       1%          1
 Ensorcelled Hibernation  Hex/Ice        72%        N/A       1%          2
 Jinxbite                 Hex            100%       N/A       1%          2
 Passwall                 Tmut/Erth      30%        N/A       1%          2
 Sublimation of Blood     Necr           52%        N/A       1%          2
 Dazzling Flash           Conj/Hex       72%        N/A       1%          3
 Inner Flame              Hex/Fire       36%        N/A       1%          3
 Stone Arrow              Conj/Erth      72%        3d11      1%          3
 Swiftness                Air            52%        N/A       1%          3
 Volatile Blastmotes      Fire/Tloc      100%       2d18      1%          3
 Airstrike                Air            26%        2d(4-20)  1%          4
 Anguish                  Hex/Necr       26%        N/A       1%          4
 Leda's Liquefaction      Hex/Erth       26%        N/A       1%          4
 Manifold Assault         Tloc           82%        N/A       1%          4
 Passage of Golubria      Tloc           82%        N/A       1%          4
 Summon Ice Beast         Ice/Summ       54%        N/A       1%          4
 Vhi's Electric Charge    Tloc/Air       100%       N/A       1%          4
 Dispersal                Tloc           41%        N/A       1%          6
 Foxfire                  Conj/Fire      72%        2x1d7     3%          1
 Magic Dart               Conj           72%        1d6       3%          1
 Searing Ray              Conj           36%        2d5       4%          2
 Wereblood                Tmut           18%        N/A       4%          2
 Agony                    Necr           52%        N/A       4%          5
 Lee's Rapid Deconstruct  Erth           26%        3d14*     4%          5
 Silence                  Hex/Air        26%        N/A       4%          5
 Brom's Barrelling Bould  Conj/Erth      36%        2d6       7%          4
 Fulminant Prism          Conj/Hex       18%        3d10      7%          4
 Petrify                  Tmut/Erth      36%        N/A       7%          4
 Disjunction              Tloc           41%        N/A       14%         8
 Arcjolt                  Conj/Air       18%        1d28      19%         5
 Metabolic Englaciation   Hex/Ice        18%        N/A       19%         5
 Alistair's Intoxication  Tmut/Pois      12%        N/A       63%         5
 Irradiate                Conj/Tmut      9%         3d14      63%         5
 Bombard                  Conj/Erth      18%        9d4       71%         6
 Plasma Beam              Fire/Air       18%        2x1d29    71%         6
 Spellforged Servitor     Conj/Summ      27%        N/A       75%         7
 Eringya's Noxious Bog    Tmut/Pois      9%         4d6       99%         6
 Starburst                Conj/Fire      9%         6d5       99%         6
 Orb of Destruction       Conj           9%         9d6       100%        7
 Ozocubu's Refrigeration  Ice            9%         4d9       100%        7
 Lehudib's Crystal Spear  Conj/Erth      18%        10d5      100%        8
 Maxwell's Capacitive Co  Air            26%        ∞         100%        8
 Polar Vortex             Ice            9%         12d1*     100%        9
 Simulacrum               Ice/Necr       Unusable   N/A       N/A         6

Dungeon Overview and Level Annotations

Branches:
Dungeon (15/15)            Temple (1/1) D:6            Lair (5/5) D:9
 Shoals (4/4) Lair:2        Snake (4/4) Lair:2        Slime (0/5) Lair:5
    Orc (2/2) D:9             Elf (3/3) Orc:2        Vaults (1/5) D:13
 Depths (0/4) D:15         Bailey (visited)           IceCv (visited)
Volcano (visited)         Gauntlet (visited)

Altars:
Ashenzari
Cheibriados
Dithmenos
Elyvilon
Fedhas
Gozag
Hepliaklqana
Kikubaaqudgha
Makhleb
Nemelex Xobeh
Okawaru
Qazlal
Ru
Sif Muna
Trog
Uskayaw
Vehumet
Wu Jian
Xom
Yredelemnul
Zin
The Shining One
Jiyva
Lugonu

Shops:
D:7 (   D:10 (:   D:14 !(:!   Orc:2 ((!?:[(   Elf:3 !*   Lair:2 =
Shoals:4 [[*(   Snake:1 **[[*

Portals:
Abyss: Lair:3 Shoals:3
Trove: D:14 (give 5 scrolls of fear)

Annotations:
D:3 3 runed translucent doors, bmb222's ghost, amateur DsFi
D:6 3 runed translucent doors, tinescath's ghost, novice DEHW
D:13 2 runed translucent doors
D:15 2 transporters, Tewoziw's ghost, journeyman FoFi
Shoals:3 1 runed translucent door
Vaults:1 Zenata


Innate Abilities, Weirdness & Mutations

You are an enormous anaconda.
You have a powerful constriction melee attack.
Your maximum health is increased.
((You have sharp claws.))
((You have razor-sharp teeth.))
You have supernaturally acute eyesight. (SInv)
((You cover ground quickly. (Speed+)))
((Your thick and shaggy fur keeps you warm. (AC +3, rC+)))
((Your paws help you pounce on unaware monsters.))
You are incapable of wielding weapons or throwing items.
You cannot wear armour.
You gain extra lives every three experience levels.


Message History

The sun demon barely misses you.
The enormous slime creature hits your eldritch tentacle segment!!!
Your eldritch tentacle segment is destroyed!
The ogre mage casts a spell at the ogre mage.
The ogre mage seems to speed up.
The Executioner hits you!
* * * LOW HITPOINT WARNING * * *
The Executioner closely misses you.
The Executioner hits you but does no damage.
Okay, then.
You are an enormous anaconda.
You are flying.
You are studying Translocations.
Your flying speed is average.
Your attack delay is about 0.9.
Your damage rating with unarmed combat is about 14 (Base [10 + 1 (UC)] x 97% (Str) x 132% (Fight)).
Your base attributes are Str 4, Int 25, Dex 17.
Unknown command.
Unknown command. [a] - 312 gold - brilliance and magic [b] - 200 gold - resistance [c] - 231 gold - curing and magic Purchase which effect?
You feel protected.
The zombie hands constrict Zenata!
The deep elf demonologist seems to regain its courage.
The Executioner completely misses you. The Executioner barely misses you.
The Executioner hits you.
* * * LOW HITPOINT WARNING * * *
The ogre mage casts a spell at the ogre mage.
The ogre mage seems to speed up.
The Executioner barely misses you. The Executioner misses you.
The Executioner hits you!
* * * LOW HITPOINT WARNING * * *
Zenata hits your eight-headed hydra with a +3 eveningstar of holy wrath!!
The vault warden activates a sealing rune.
A door slams shut!
The sun demon barely misses you.
The deep elf demonologist is distracted by your dazzling golden aura.
The ogre mage hits you from afar with a +0 spear.
* * * LOW HITPOINT WARNING * * *
The Executioner misses you.
The Executioner hits you but does no damage.
The Executioner hits you.
You die...
Your body crumbles into a pile of gold.

?#..# ##..# ..O.#
..... .T.# .....
###########+#####.....
....e.....L.p.........
.........OO$..........
.......13.$...........
.......S.D..J.........
...$......a...........
#############+######+#
#........#
########........#
#......#........#
#......#........#
#......#........#
#......'...>....#


You could see Zenata (agile, clutched, ally target, magic disrupted), a vault
warden, a lich, an Executioner (summoned, fast), an enormous slime creature
(agile, fleeing), 2 ogre magi, a sun demon (summoned), a deep elf demonologist
(unaware) and a friendly eight-headed hydra (summoned).

Vanquished Creatures
  Ilsuiw (Shoals:3)
  A nagaraja (Snake:4)
  3 deep elf annihilators
  A deep elf death mage (Elf:3)
  A merfolk javelineer (Shoals:4)
  A merfolk avatar (Shoals:4)
  3 naga warriors
  5 death yaks (Lair:3)
  2 orc high priests (Orc:2)
  2 naga sharpshooters
  A shock serpent (Snake:2)
  5 deep elf knights
  A deep elf archer (Elf:1)
  A necromancer (D:13)
  2 orc knights (Orc:2)
  Pikel (D:7)
  A deep elf zephyrmancer (Elf:3)
  A harpy (Shoals:3)
  3 deep elf pyromancers
  2 ugly things (D:15)
  2 salamanders
  A cyclops (Shoals:4)
  A manticore (D:13)
  An orc sorcerer (Orc:2)
  2 human zombies (Vaults:1)
  2 naga magi
  2 freezing wraiths (IceCv)
  5 ice devils (IceCv)
  A blink frog (Lair:3)
  A dire elephant simulacrum (IceCv)
  5 nameless horrors
  A yak (D:11)
  A fire elemental (Elf:1)
  2 death yak simulacra (IceCv)
  A harpy simulacrum (IceCv)
  3 nagas
  Duvessa (D:4)
  A hydra simulacrum (IceCv)
  2 orc warriors (Orc:2)
  2 bullfrogs
  A scorpion (D:6)
  A cane toad simulacrum (IceCv)
  Dowan (D:4)
  4 electric eels (D:11)
  4 orc priests (Orc:2)
  A hound (D:5)
  2 polar bear simulacra (IceCv)
  A wolf simulacrum (IceCv)
  3 orcs (Orc:2)
  A ball python (D:2)
  2 endoplasms
  2 goblins
  A hobgoblin (D:3)
  A kobold (D:10)
  A rat (D:1)
101 creatures vanquished.

Vanquished Creatures (collateral kills)
  Bai Suzhen (Shoals:4)
  Vashnia (Snake:2)
  Jorgrun (Orc:2)
  2 deep elf blademasters (Elf:3)
  2 deep elf master archers (Elf:3)
  Kirke (Shoals:1)
  Aizul (Snake:2)
  Roxanne (D:15)
  4 deep elf sorcerers (Elf:3)
  5 nagarajas
  2 deep elf elementalists (Elf:3)
  A vault warden (Vaults:1)
  The ghost of kairosrom117 the Arsonist, a journeyman DrFE of Vehumet (Orc:2)
  A formless jellyfish (Shoals:3)
  4 deep elf demonologists
  Nessos (Orc:2)
  7 deep elf annihilators (Elf:3)
  A dire elephant (Lair:5)
  6 deep elf death magi
  2 merfolk javelineers
  3 deep elf high priests
  An ettin (D:15)
  A merfolk impaler (Shoals:3)
  Josephine (Orc:1)
  A fire dragon (Lair:5)
  8 vault guards (D:13)
  3 salamander tyrants
  A rakshasa (D:15)
  7 centaur warriors
  4 anacondas
  9 merfolk aquamancers
  4 alligator snapping turtles
  Erica (D:10)
  2 merfolk avatars
  2 catoblepae
  5 boulder beetles
  12 hydras
  27 dancing weapons
  A tengu warrior (D:15)
  2 two-headed ogres
  3 orc high priests
  16 naga warriors
  2 satyrs
  A deep troll earth mage (Vaults:1)
  5 death yaks
  10 naga sharpshooters
  6 shock serpents
  A hell knight (D:15)
  15 deep elf knights
  11 skysharks
  3 salamander mystics (Snake:4)
  11 sea snakes
  7 naga ritualists
  10 deep elf archers
  30 deep elf pyromancers
  2 necromancers (D:15)
  3 lindwurms (Lair:5)
  34 deep elf zephyrmancers
  A shining eye (Shoals:2)
  11 manticores
  6 orc knights
  6 mana vipers
  13 harpies
  4 ugly things (D:15)
  9 salamanders
  An orc sorcerer (Orc:1)
  8 cyclopes
  5 fauns
  10 merfolk sirens
  12 elephants
  2 apocalypse crabs (Shoals:3)
  8 torpor snails
  11 naga magi
  35 black mambas
  4 guardian serpents
  11 cane toads
  8 water nymphs
  3 gargoyles
  Psyche (D:10)
  2 unseen horrors
  2 rime drakes
  4 efreet
  8 komodo dragons
  2 kobold demonologists (D:12)
  A freezing wraith (IceCv)
  3 ice devils (IceCv)
  2 anaconda simulacra (IceCv)
  3 meliai (D:15)
  15 merfolk
  4 wind drakes
  2 polar bears (Lair:2)
  A troll (shapeshifter) (D:15)
  A wind drake (shapeshifter) (Elf:1)
  7 trolls
  7 hornets (Lair:5)
  16 blink frogs
  3 tyrant leeches (Lair:5)
  A hornet (shapeshifter) (D:13)
  18 nameless horrors
  12 snapping turtles
  8 dream sheep
  13 slime creatures
  7 air elementals
  2 centaur simulacra
  16 water elementals
  A shadow (D:12)
  A jumping spider (shapeshifter) (Elf:1)
  4 wyverns
  A yak (shapeshifter) (D:15)
  53 yaks
  A vampire (D:10)
  A hog (Shoals:1)
  10 fire elementals
  7 wraiths
  8 basilisks
  2 death yak simulacra (IceCv)
  5 steam dragons
  2 vampire mosquitoes
  A harpy simulacrum (IceCv)
  Menkaure (D:7)
  An elf simulacrum (Vaults:1)
  An acid dragon (D:9)
  19 water moccasins
  47 nagas
  A hydra simulacrum (IceCv)
  2 wargs
  A sky beast (D:8)
  2 hell hounds (Lair:2)
  33 orc warriors
  2 swamp drakes (Lair:5)
  4 black bears
  5 ogres
  6 wolves
  2 human skeletons (Vaults:1)
  A lemure (D:7)
  14 centaurs
  A phantom (D:5)
  10 bullfrogs
  2 kobold brigands
  3 cane toad simulacra (IceCv)
  6 earth elementals
  5 scorpions
  A two-headed ogre simulacrum (IceCv)
  14 wights
  A hornet simulacrum (D:15)
  An elephant simulacrum (IceCv)
  8 killer bees
  3 howler monkeys
  5 hounds
  A jelly (D:6)
  28 orc priests
  3 hell rats (Lair:1)
  5 iguanas
  22 orc wizards
  A spriggan simulacrum (IceCv)
  A troll simulacrum (IceCv)
  A polar bear simulacrum (IceCv)
  4 adders
  7 gnolls
  18 white imps
  2 ufetubi (D:3)
  2 worms
  94 orcs
  4 bats
  13 endoplasms
  4 giant cockroaches
  10 hobgoblins
  7 jackals
  18 kobolds
  4 quokkas
  5 ball pythons
  5 frilled lizards
  7 goblins
  7 rats
  A spectral orc (D:15)
  A lurking horror (Lair:3)
  A spectral weapon (Elf:2)
1214 creatures vanquished.

Vanquished Creatures (others)
  37 eldritch tentacles
  A deep elf annihilator (Elf:3)
  A two-headed ogre (D:11)
  An orc high priest (Orc:2)
  3 deep elf knights
  2 sea snakes
  3 orc knights (Bailey)
  A mana viper (Snake:2)
  A manticore (D:11)
  A black mamba (Snake:3)
  A slime creature (D:12)
  3 gargoyles
  An anaconda simulacrum (IceCv)
  2 komodo dragons
  An ice devil (IceCv)
  A dream sheep (Lair:5)
  A wyvern (D:8)
  15 yaks
  A human (Shoals:1)
  A hydra simulacrum (IceCv)
  3 orc warriors
  A black bear (D:7)
  A centaur (D:6)
  A wolf (Lair:5)
  2 lemures (D:7)
  2 wights
  A cane toad simulacrum (IceCv)
  7 killer bees (D:9)
  An orc priest (D:12)
  A hell rat (Lair:1)
  A spriggan simulacrum (IceCv)
  2 wolf simulacra (IceCv)
  2 adders (D:6)
  4 orcs
  20 snaplasher vines
127 creatures vanquished.

Grand Total: 1442 creatures vanquished

Notes
Turn   | Place    | Note
-------+----------+-------------------------------------------
     0 | D:1      | croobank the Felid Summoner began the quest for the Orb.
     0 | D:1      | Reached XP level 1. HP: 7/7 MP: 4/4
   323 | D:1      | Reached skill level 3 in Dodging
   325 | D:1      | Reached XP level 2. HP: 11/11 MP: 4/6
   328 | D:1      | Learned a level 2 spell: Call Imp
  1380 | D:1      | Reached XP level 3. HP: 15/15 MP: 3/7
  2158 | D:2      | Learned a level 3 spell: Call Canine Familiar
  2222 | D:2      | Reached skill level 1 in Fighting
  2229 | D:2      | Reached XP level 4. HP: 19/19 MP: 3/8
  3525 | D:3      | Found a runed translucent gate.
  3525 | D:3      | Found a runed translucent gate.
  3526 | D:3      | Found a runed translucent gate.
  4121 | D:3      | Noticed bmb222's ghost (amateur DsFi)
  4652 | D:4      | Found a hide-covered altar of Uskayaw.
  4658 | D:4      | Reached XP level 5. HP: 22/22 MP: 6/10
  4695 | D:4      | Reached skill level 4 in Dodging
  4914 | D:4      | Noticed Duvessa
  4914 | D:4      | Noticed Dowan
  4946 | D:4      | Killed Duvessa
  4946 | D:4      | Killed Dowan
  4947 | D:4      | Reached skill level 5 in Summonings
  4947 | D:4      | Gained mutation: You are covered in thick fur. (AC +2)
                  | [Felid growth]
  4947 | D:4      | Reached XP level 6. HP: 27/27 MP: 0/12
  5193 | D:4      | Reached skill level 5 in Dodging
  5357 | D:4      | Learned a level 3 spell: Summon Guardian Golem
  5765 | D:5      | Entered Level 5 of the Dungeon
  5852 | D:5      | Reached skill level 1 in Hexes
  5852 | D:5      | Reached XP level 7. HP: 30/30 MP: 6/13
  6245 | D:5      | Found a burning altar of Makhleb.
  6685 | D:5      | Found a basalt altar of Yredelemnul.
  7574 | D:5      | Learned a level 4 spell: Summon Lightning Spire
  7662 | D:5      | Reached skill level 6 in Dodging
  7869 | D:5      | Reached XP level 8. HP: 36/36 MP: 8/15
  8299 | D:6      | Reached skill level 5 in Hexes
  8299 | D:6      | Reached skill level 1 in Air Magic
  8702 | D:6      | Noticed tinescath's ghost (novice DEHW)
  8706 | D:6      | Found a runed translucent gate.
  8706 | D:6      | Found a runed translucent gate.
  8706 | D:6      | Found a runed translucent gate.
  8707 | D:6      | Noticed a hornet
  9022 | D:6      | Found a staircase to the Ecumenical Temple.
  9028 | Temple   | Entered the Ecumenical Temple
  9047 | Temple   | Became a worshipper of Gozag Ym Sagoz the Greedy
  9740 | D:6      | Reached skill level 7 in Dodging
  9856 | D:6      | Noticed an unseen horror
  9911 | D:6      | Killed an unseen horror
  9912 | D:6      | Reached skill level 5 in Spellcasting
 10104 | D:6      | Reached XP level 9. HP: 37/40 MP: 5/17
 11062 | D:7      | Noticed Pikel
 11144 | D:7      | Killed Pikel
 11145 | D:7      | Reached skill level 5 in Fighting
 11461 | D:7      | Reached skill level 8 in Dodging
 11773 | D:7      | Noticed Menkaure
 11778 | D:7      | Killed Menkaure
 12075 | D:7      | Found Fofor Fey's Antique Weapon Emporium.
 12089 | D:7      | Noticed a deep elf pyromancer
 12110 | D:7      | Killed a deep elf pyromancer
 12226 | D:7      | Found a shimmering blue altar of Sif Muna.
 12230 | D:7      | Got Sif Muna's Handbook of Ensnaring Bruises
 12294 | D:8      | Found a snail-covered altar of Cheibriados.
 12316 | D:8      | Reached XP level 10. HP: 45/45 MP: 5/20
 12397 | D:9      | Reached skill level 9 in Dodging
 12974 | D:8      | Found a broken altar of Ashenzari.
 13914 | D:8      | Reached skill level 5 in Air Magic
 14250 | D:8      | Noticed a two-headed ogre
 14262 | D:8      | Killed a two-headed ogre
 14543 | D:8      | Found a hazy altar of Hepliaklqana.
 15113 | D:9      | Reached skill level 10 in Dodging
 15141 | D:9      | Mangled by a komodo dragon
 15447 | D:9      | Noticed a gargoyle
 15461 | D:9      | Killed a gargoyle
 15758 | D:9      | Reached XP level 11. HP: 50/50 MP: 15/22
 16044 | D:9      | Found a staircase to the Lair.
 16120 | D:9      | Found a staircase to the Orcish Mines.
 16436 | D:10     | Entered Level 10 of the Dungeon
 16450 | D:10     | Found Zat Ymaf's Book Shop.
 16453 | D:10     | Bought a book of the Wilderness for 532 gold pieces
 16459 | D:10     | Learned a level 5 spell: Summon Mana Viper
 16467 | D:10     | Found a bloodstained altar of Trog.
 16484 | D:10     | Noticed a four-headed hydra
 16527 | D:10     | Noticed Erica
 16551 | D:10     | HP: 1/51 [Erica/bolt of poison (25)]
 16561 | D:10     | Killed Erica
 16562 | D:10     | Reached skill level 11 in Dodging
 16672 | D:10     | Found a flagged portal.
 16680 | Bailey   | Entered a bailey
 17078 | Bailey   | Noticed an orc knight
 17080 | Bailey   | Noticed an orc knight
 17109 | Bailey   | Killed an orc knight
 17213 | Bailey   | Noticed an orc knight
 17230 | Bailey   | Noticed an orc knight
 17241 | Bailey   | Killed an orc knight
 17325 | Bailey   | Killed an orc knight
 17464 | Bailey   | Killed an orc knight
 17531 | Bailey   | Identified the +10 plate armour of Luajul {+Inv rF+ Slay+2}
 17915 | D:10     | Killed a four-headed hydra
 18058 | D:10     | Noticed Psyche
 18089 | D:10     | Killed Psyche
 18297 | D:10     | Found Vepnot's Weapon Shop.
 18466 | D:10     | Found the +1 robe of Vines {NoPotionHeal Regen++++}
 19345 | D:11     | Gained mutation: Your thick and shaggy fur keeps you warm.
                  | (AC +3, rC+) [Felid growth]
 19345 | D:11     | Reached XP level 12. HP: 47/56 MP: 15/25
 19586 | D:11     | Reached skill level 12 in Dodging
 19650 | D:11     | Noticed a two-headed ogre
 19689 | D:11     | Killed a two-headed ogre
 19690 | D:11     | Reached skill level 10 in Summonings
 20630 | D:11     | Noticed a two-headed ogre
 20643 | D:11     | Killed a two-headed ogre
 21003 | D:12     | Noticed a centaur warrior
 21026 | D:12     | Killed a centaur warrior
 21029 | D:12     | Reached skill level 13 in Dodging
 21716 | D:12     | Reached skill level 10 in Fighting
 22337 | D:12     | Learned a level 6 spell: Summon Cactus Giant
 23633 | Lair:1   | Entered Level 1 of the Lair of Beasts
 23790 | Lair:1   | Learned a level 5 spell: Summon Forest
 23855 | Lair:1   | Reached skill level 1 in Translocations
 24218 | Lair:1   | Found a frozen archway.
 24277 | IceCv    | Entered an ice cave
 24281 | IceCv    | Killed by an exploding themself... ignited by their inner
                  | flame
 24420 | IceCv    | Reached XP level 13. HP: 46/62 MP: 14/27
 24509 | IceCv    | Reached skill level 10 in Spellcasting
 24639 | IceCv    | Reached skill level 14 in Dodging
 24751 | IceCv    | Reached skill level 5 in Translocations
 24883 | IceCv    | Found an ancient bone altar of Kikubaaqudgha.
 25659 | Lair:2   | Found a staircase to the Shoals.
 25809 | Lair:2   | Bought the ring of Zenomimn {rF+ rC++} for 495 gold pieces
 25857 | Lair:2   | Found a dark tunnel.
 25863 | Volcano  | Entered a volcano
 25907 | Volcano  | Found a large runed translucent door.
 25907 | Volcano  | Found a large runed translucent door.
 25908 | Volcano  | Noticed a stone giant
 25908 | Volcano  | Noticed a stone giant
 25931 | Volcano  | Found a large runed translucent door.
 25932 | Volcano  | Found a large runed translucent door.
 25938 | Volcano  | Found a large runed translucent door.
 25938 | Volcano  | Found a large runed translucent door.
 26103 | Volcano  | Noticed a stone giant
 26130 | Volcano  | Found a large runed translucent door.
 26131 | Volcano  | Found a large runed translucent door.
 26131 | Volcano  | Noticed a stone giant
 26471 | Lair:2   | Reached skill level 15 in Dodging
 26554 | Lair:2   | Found a staircase to the Snake Pit.
 26987 | Lair:3   | Found a corrupted altar of Lugonu.
 26988 | Lair:3   | Found a one-way gate to the infinite horrors of the Abyss.
 27133 | Lair:3   | Found a gate leading to a gauntlet.
 27142 | Gauntlet | Entered a Gauntlet
 27142 | Gauntlet | Found a transporter.
 27145 | Gauntlet | Found a transporter.
 27150 | Gauntlet | Found a transporter.
 27151 | Gauntlet | Found a transporter.
 27181 | Gauntlet | Noticed a blizzard demon
 27257 | Gauntlet | Found a transporter.
 27266 | Gauntlet | Found a transporter.
 27269 | Gauntlet | Found a transporter.
 27279 | Gauntlet | Found a large runed translucent door.
 27279 | Gauntlet | Found a large runed translucent door.
 27280 | Gauntlet | Found a large runed translucent door.
 27280 | Gauntlet | Found a large runed translucent door.
 27281 | Gauntlet | Found a large runed translucent door.
 27281 | Gauntlet | Found a large runed translucent door.
 27282 | Gauntlet | Found a runed translucent gate.
 27282 | Gauntlet | Found a runed translucent door.
 27282 | Gauntlet | Found a large runed translucent door.
 27283 | Gauntlet | Found a transporter.
 27283 | Gauntlet | Found a runed translucent gate.
 27283 | Gauntlet | Found a large runed translucent door.
 27285 | Gauntlet | Found a runed translucent gate.
 27285 | Gauntlet | Found a runed translucent door.
 27285 | Gauntlet | Found a transporter.
 27285 | Gauntlet | Found the +27 heavy crossbow "Sniper" {heavy, Acc+∞ SInv}
 27288 | Gauntlet | Found a transporter.
 27289 | Gauntlet | Found a transporter.
 27293 | Gauntlet | Found a large runed translucent door.
 27293 | Gauntlet | Found a large runed translucent door.
 27293 | Gauntlet | Found a large runed translucent door.
 27293 | Gauntlet | Found a large runed translucent door.
 27294 | Gauntlet | Found a large runed translucent door.
 27297 | Gauntlet | Found a transporter.
 27321 | Gauntlet | Found a large runed translucent door.
 27902 | Lair:3   | Reached XP level 14. HP: 45/69 MP: 11/29
 28898 | Lair:4   | Reached skill level 16 in Dodging
 29099 | Lair:4   | You fall into a shaft and drop 1 floor!
 29099 | Lair:5   | Entered Level 5 of the Lair of Beasts
 29668 | Lair:5   | Found a viscous altar of Jiyva.
 29669 | Lair:5   | Found a staircase to the Slime Pits.
 29679 | Lair:5   | Reached skill level 17 in Dodging
 30676 | Lair:4   | Identified the +0 ring mail of the Slightly Bent {rC+ SInv}
 30953 | Lair:5   | Found a runed translucent door.
 31523 | Lair:5   | Reached skill level 18 in Dodging
 31539 | Lair:5   | Reached XP level 15. HP: 75/75 MP: 13/30
 32371 | Lair:5   | Identified the ring of Hospitality {rPois Str+3}
 32609 | Orc:1    | Entered Level 1 of the Orcish Mines
 33185 | Orc:1    | Noticed Josephine
 33213 | Orc:1    | Killed Josephine
 33830 | Orc:2    | Entered Level 2 of the Orcish Mines
 34204 | Orc:2    | Found a runed translucent door.
 34207 | Orc:2    | Noticed kairosrom117's ghost (journeyman DrFE)
 34257 | Orc:2    | Noticed Nessos
 34270 | Orc:2    | Killed Nessos
 34271 | Orc:2    | Reached skill level 19 in Dodging
 34392 | Orc:2    | Found Joestr Zyocu's Firing Range.
 34393 | Orc:2    | Noticed Jorgrun
 34406 | Orc:2    | Killed Jorgrun
 34482 | Orc:2    | Found Yvvyv's Weapon Boutique.
 34569 | Orc:2    | Found Koarch's Distillery.
 34584 | Orc:2    | Found a staircase to the Elven Halls.
 34624 | Orc:2    | Bought 2 potions of heal wounds for 140 gold pieces
 34624 | Orc:2    | Bought 2 potions of brilliance for 112 gold pieces
 34624 | Orc:2    | Bought a potion of berserk rage for 70 gold pieces
 34624 | Orc:2    | Bought a potion of curing for 42 gold pieces
 34624 | Orc:2    | Bought 2 potions of curing for 84 gold pieces
 34624 | Orc:2    | Bought a potion of curing for 42 gold pieces
 34944 | Orc:2    | Reached skill level 15 in Fighting
 35379 | Orc:2    | Found Biqu Den's Magic Scroll Shoppe.
 35382 | Orc:2    | Found Buommyre's Armour Emporium.
 35383 | Orc:2    | Found Natsoip's Antique Weapon Shoppe.
 35384 | Orc:2    | Found Okhlaisu's Book Shoppe.
 35390 | Orc:2    | Bought Great Wizards, Vol. II for 456 gold pieces
 35396 | Orc:2    | Learned a level 5 spell: Borgnjor's Vile Clutch
 35397 | Orc:2    | Bought a scroll of summoning for 171 gold pieces
 35397 | Orc:2    | Bought a scroll of blinking for 135 gold pieces
 35397 | Orc:2    | Bought a scroll of immolation for 72 gold pieces
 35397 | Orc:2    | Bought a scroll of fear for 72 gold pieces
 35594 | Orc:2    | Killed kairosrom117's ghost
 35912 | D:13     | Reached skill level 1 in Necromancy
 35952 | D:13     | Reached skill level 1 in Earth Magic
 36171 | D:13     | Found a gate to the Vaults.
 37387 | D:13     | Found a runed translucent door.
 37391 | D:13     | Found the +2 shield of Resistance {rF++ rC++ Will++}
 37402 | D:13     | Found a runed translucent door.
 37812 | D:14     | Found Denufaru's Distillery.
 37817 | D:14     | Bought a potion of heal wounds for 65 gold pieces
 37817 | D:14     | Bought a potion of might for 52 gold pieces
 37817 | D:14     | Bought a potion of enlightenment for 65 gold pieces
 37817 | D:14     | Bought a potion of enlightenment for 65 gold pieces
 37828 | D:14     | Found Icwufacse's Weapon Boutique.
 37860 | D:14     | Found Imiem Ytag's Book Shoppe.
 38041 | D:14     | Found a portal to a secret trove of treasure.
 38082 | D:14     | Reached XP level 16. HP: 81/81 MP: 18/32
 38591 | D:14     | Found Alequhe's Distillery.
 38608 | D:14     | Bought a potion of invisibility for 80 gold pieces
 38608 | D:14     | Bought a potion of curing for 30 gold pieces
 38608 | D:14     | Bought a potion of haste for 100 gold pieces
 38608 | D:14     | Bought a potion of enlightenment for 50 gold pieces
 38608 | D:14     | Bought a potion of heal wounds for 50 gold pieces
 38608 | D:14     | Bought a potion of berserk rage for 50 gold pieces
 38608 | D:14     | Bought 2 potions of brilliance for 80 gold pieces
 38826 | D:15     | Entered Level 15 of the Dungeon
 39186 | D:15     | Found a staircase to the Depths.
 39563 | D:15     | Reached skill level 5 in Necromancy
 39711 | D:15     | Found a shadowy altar of Dithmenos.
 40243 | D:15     | Found a transporter.
 40275 | D:15     | Found a bloodstained altar of Trog.
 40275 | D:15     | Noticed Tewoziw's ghost (journeyman FoFi)
 40296 | D:15     | Found a transporter.
 40422 | D:15     | Noticed Roxanne
 40474 | D:15     | Killed Roxanne
 40651 | D:15     | Found a basalt altar of Yredelemnul.
 40873 | Snake:1  | Entered Level 1 of the Snake Pit
 41029 | Snake:1  | Reached skill level 5 in Earth Magic
 41529 | Snake:1  | Found Muwuorhi's Armour Boutique.
 41549 | Snake:1  | Found Taqa's General Store.
 41549 | Snake:1  | Found Yjoim's General Store.
 41555 | Snake:1  | Found Waer's Armour Shop.
 41605 | Snake:1  | Bought a scroll of teleportation for 51 gold pieces
 41611 | Snake:1  | Bought a potion of might for 80 gold pieces
 41960 | Snake:1  | Found Tinem's General Store.
 41981 | Snake:1  | Bought a potion of cancellation for 128 gold pieces
 41981 | Snake:1  | Bought a scroll of teleportation for 48 gold pieces
 41981 | Snake:1  | Bought a wand of iceblast (2) for 76 gold pieces
 43048 | Snake:2  | Identified the serpent talisman of Ashenzari's Envy {MP+9}
 43048 | Snake:2  | Noticed Aizul
 43071 | Snake:2  | Killed Aizul
 43098 | Snake:2  | Shot with a bolt by a naga sharpshooter
 43099 | Snake:2  | You fall into a shaft and drop 1 floor!
 43346 | Snake:3  | Found a sparkling altar of Nemelex Xobeh.
 43376 | Snake:3  | Reached skill level 10 in Translocations
 43874 | Snake:2  | Noticed Vashnia
 44290 | Snake:3  | Reached XP level 17. HP: 83/86 MP: 7/34
 44933 | Snake:4  | Entered Level 4 of the Snake Pit
 45575 | Snake:4  | Reached skill level 15 in Translocations
 46266 | Snake:4  | Learned a level 7 spell: Summon Hydra
 47529 | Snake:4  | Got a serpentine rune of Zot
 47996 | Snake:2  | Killed Vashnia
 49573 | Lair:2   | Bought the ring "Irhamuet" {rElec rC+ EV+5} for 570 gold
                  | pieces
 49574 | Lair:2   | Bought the ring "Kobo" {rC+ Will+ Str+6 Slay+2 SInv} for
                  | 682 gold pieces
 49680 | Elf:1    | Entered Level 1 of the Elven Halls
 50188 | Elf:1    | Found a crumbling gateway.
 50486 | Elf:1    | Identified a scroll of acquirement
 50993 | Elf:1    | Reached XP level 18. HP: 69/91 MP: 1/36
 51949 | Elf:1    | Found a stormy altar of Qazlal.
 52793 | Elf:2    | Found a runed translucent gate.
 52794 | Elf:2    | Found a runed translucent gate.
 52794 | Elf:2    | Found a runed translucent gate.
 54124 | Elf:2    | Reached skill level 20 in Dodging
 54550 | Elf:2    | Reached skill level 15 in Summonings
 54966 | Elf:3    | Entered Level 3 of the Elven Halls
 54966 | Elf:3    | Found Nasaew's Distillery.
 55073 | Elf:3    | Bought a potion of haste for 160 gold pieces
 55073 | Elf:3    | Bought a potion of brilliance for 64 gold pieces
 55073 | Elf:3    | Bought a potion of heal wounds for 80 gold pieces
 55073 | Elf:3    | Bought a potion of haste for 160 gold pieces
 55073 | Elf:3    | Bought a potion of heal wounds for 80 gold pieces
 55123 | Elf:3    | Paralysed by an air elemental for 1 turns
 55184 | Elf:3    | Found Visavu's Assorted Antiques.
 55206 | Elf:3    | Identified the +9 quarterstaff of the Little People {elec,
                  | rPois Dex+2}
 55209 | Elf:3    | Demolished by a +3 mace of protection
 55317 | Elf:3    | Paralysed by an air elemental for 1 turns
 56133 | Elf:3    | Identified the +2 chain mail of Licseuw {Str-3 Int+4 Dex+4}
 56154 | Elf:3    | Paralysed by an air elemental for 1 turns
 56262 | Elf:3    | Identified the +6 halberd of Xedacir {drain, Will+}
 56283 | Elf:3    | Reached XP level 19. HP: 51/97 MP: 3/38
 56292 | Elf:3    | Noticed a Tzitzimitl
 57217 | Elf:3    | Identified the +9 trident of Melee {flame, Dex+5}
 57222 | Elf:3    | Identified the ring of Lust {rElec Str+6}
 57574 | Elf:3    | Identified the +8 shortbow "Xotycul" {drain, MP+9 Str-2
                  | Int+5}
 57934 | Elf:3    | Noticed a Brimstone Fiend
 57938 | Elf:3    | Reached XP level 20. HP: 101/104 MP: 2/39
 58276 | Elf:3    | Shot with an arrow by a deep elf master archer
 58527 | Elf:3    | HP: 2/104 [deep elf master archer/arrow (37)]
 58527 | Elf:3    | Shot with an arrow by a deep elf master archer
 58644 | Elf:3    | Got Viykkio's Folio of the Amassed Torch
 58657 | Elf:3    | Got the Catalogue of Sidekicks and Frostbite
 58782 | Elf:3    | Identified the staff "Dolehof" {rC+ Str+3 Ice}
 58805 | Elf:3    | Identified the staff of the Hurling Gods {Str+4 Int+2
                  | Earth}
 58982 | Shoals:1 | Entered Level 1 of the Shoals
 58995 | Shoals:1 | Learned a level 7 spell: Malign Gateway
 59004 | Shoals:1 | Noticed Kirke
 59010 | Shoals:1 | Killed Kirke
 61812 | Shoals:3 | Reached skill level 15 in Spellcasting
 61814 | Shoals:3 | Noticed Ilsuiw
 61817 | Shoals:3 | Reached skill level 1 in Shapeshifting
 62244 | Shoals:3 | Found a runed translucent door.
 62247 | Shoals:3 | Found a corrupted altar of Lugonu.
 62267 | Shoals:3 | Reached skill level 5 in Shapeshifting
 62391 | Shoals:3 | Killed Ilsuiw
 63948 | Shoals:4 | Entered Level 4 of the Shoals
 63966 | Shoals:4 | Identified the dragon-blood talisman of the Great Game {rC+
                  | rN+ Int-5}
 63966 | Shoals:4 | Noticed Bai Suzhen
 63977 | Shoals:4 | Killed Bai Suzhen
 64151 | Shoals:4 | Identified the ring "Eshack" {Will- rCorr Str+6 Int+4}
 64156 | Shoals:4 | Found Tiaclypp's Antique Armour Emporium.
 64443 | Shoals:4 | Identified the -2 helmet of Okawaru's Regard {Str+4}
 64457 | Shoals:4 | Found Cykhow's Assorted Antiques.
 64699 | Shoals:4 | Bought a potion of heal wounds for 135 gold pieces
 65081 | Shoals:4 | Found Geddet's Weapon Shoppe.
 65230 | Shoals:4 | Found Dukig's Antique Armour Shoppe.
 65346 | Shoals:4 | Got a barnacled rune of Zot
 66170 | Shoals:4 | Got Raina's Incunabulum of Metal and the Catacomb
 66401 | Vaults:1 | Entered Level 1 of the Vaults
 66463 | D:13     | Learned a level 4 spell: Dispel Undead
 66472 | D:13     | Reached skill level 10 in Shapeshifting
 66913 | Vaults:1 | Noticed Zenata
 66918 | Vaults:1 | Reached skill level 1 in Unarmed Combat
 66936 | Vaults:1 | HP: 3/124 [ogre mage/+0 spear (4)]
 66936 | Vaults:1 | Slain by an Executioner

Illustrated notes

Levels and vault maps discovered:
D:1:      sevenhm_arrival_forest_fort_large_4, layout_loops_ring
D:2:      layout_loops_ring
D:3:      minmay_chambers_of_threes, layout_basic, ebering_ghost_rock_garden,
          minmay_misc_feat_rows
D:4:      layout_basic, lemuel_crystal_altar, amcnicky_mini_pool_small,
          minmay_cupped, uniq_duvessa
D:5:      layout_basic, marbit_many_paths, bloody_makhleb
D:6:      layout_layer_cave, minmay_temple_entry_ruins, gammafunk_ghost_split,
          st_stairs_14, grunt_decor_arrowhead, minmay_manual_mullet
D:7:      layout_basic, serial_shops, shop,
          serial_library_hellmonk_narrow_alcove, uniq_pikel, uniq_menkaure
D:8:      cheibrodos_steamvent, layout_loops_ring, nicolae_ashenzari_skybound,
          amcnicky_altar_gilded, mainiacjoe_overflow_small_starburst,
          serial_bayou_lagoon_b
D:9:      layout_long_grid, grunt_lair_entry_orc_guard_hut
D:10:     layout_layer_cave, trog_book, enter_bailey_4, serial_shops, shop,
          nicolae_shop_tiny_real_fake_doors, hellmonk_guarded_unrand_vines,
          uniq_psyche, uniq_erica
D:11:     layout_basic
D:12:     layout_grid_maze
D:13:     layout_cave_pools, erik_vaults_2, minmay_guarded_unrand_resistance
D:14:     layout_layer_cave, nicolae_trove_entry_diagonal, serial_shops,
          kennysheep_mini, nicolae_shop_window_shopping,
          nicolae_shop_industrial_runoff, shop, glass_columns_b
D:15:     hangedman_depths_entry_civil_slaughter, layout_basic,
          grunt_dithmenos_smoke, gammafunk_ghost_wrathful_warriors,
          yredelemnul_forgotten_temple_becter, uniq_roxanne
Temple:   regret_index_temple_generic_petals
Lair:1:   layout_gridlike, portal_ice_cave_entry_imps
Lair:2:   layout_regular_city, nicolae_shoals_entry_roost,
          minmay_snake_entry_guardpost_medium, enter_volcano_3
Lair:3:   wander_river, layout_loops_ring, gauntlet_entry_generic,
          amcnicky_altar_lugonu_corruption
Lair:4:   layout_loops_ring, nzn_random_ring
Lair:5:   hangedman_lair_in_review, layout_cave_shapes, wormcave, slime_entry_1,
          st_stairs_9, guppyfry_lair_drakes
Shoals:1: layout_shoals, uniq_kirke
Shoals:2: layout_shoals
Shoals:3: layout_shoals, nicolae_shoals_abyss_on_the_beach, uniq_ilsuiw
Shoals:4: shoals_end_simple, layout_shoals, serial_shops, shop, shop,
          shop_fountains, shop, uniq_bai_suzhen
Snake:1:  layout_onion_interference, serial_shops, nicolae_shop_peninsula,
          serial_bayou_shore_b, minmay_shoptagon
Snake:2:  layout_misc_corridors, uniq_aizul, uniq_vashnia
Snake:3:  layout_cave_town, basic_altar, drop_trap, nicolae_zig_zag_zippers
Snake:4:  minmay_snake_end_coiled, layout_cave_town
Orc:1:    layout_diamond_mine, uniq_josephine
Orc:2:    st_orc_pillars, layout_diamond_mine, serial_shops, shop,
          nicolae_shop_hallway_stairs, ebering_ghost_inner_flame,
          library_closet, nicolae_shop_firing_range, uniq_jorgrun, uniq_nessos
Elf:1:    eino_elf_arrival_sip, layout_loops_corners,
          portal_desolation_entry_nicolae_slug, hangedman_elf_represent,
          nicolae_elf_altarnating
Elf:2:    nicolae_elf_blades_crystal_corner, layout_gridlike
Elf:3:    grunt_elf_hall_asides, layout_rooms, serial_shops, shop,
          nicolae_shop_advertising_works [nicolae_subvault_shop_adworks],
          minivault_19, drop_trap
Vaults:1: nicolae_vaults_library_corner, v_pattern_2, serial_ice_m,
          vaults_mumra_chevron, v_misc_12, nicolae_vaults_house_2,
          nicolae_vaults_octothorpe, nicolae_vaults_network_quinsquares
          [nicolae_vaults_network_quincunx_subvault,
          nicolae_vaults_network_quincunx_subvault,
          nicolae_vaults_network_quincunx_subvault,
          nicolae_vaults_network_quincunx_subvault], hangedman_vaults_stream,
          v_misc_23, nicolae_vaults_alarming, v_misc_5, v_misc_19,
          ontoclasm_vaults_gateway, layout_vaults_ring, uniq_nikola,
          uniq_asterion, uniq_zenata

Skill      XL: |  1  2  3  4  5  6  7  8  9 10 11 12 13 14 15 16 17 18 19 20 |
---------------+-------------------------------------------------------------+-----
Dodging        | 3 4 5 6 7 8 10 11 13 15 18 19 20 | 20.0
Stealth        | 3 4 |  4.4
Fighting       | 1 2 3 4 6 7 8 10 12 14 15 16 18 19 | 19.5
Spellcasting   | 3 4 5 6 7 8 9 10 11 12 13 14 15 | 15.0
Summonings     | 5 6 7 8 9 10 11 13 15 | 15.0
Hexes          | 1 4 5 7 |  7.0
Air Magic      | 2 4 5 7 |  7.0
Translocations | 4 7 12 17 | 17.6
Necromancy     | 3 6 7 |  7.0
Earth Magic    | 3 6 7 |  7.0
Shapeshifting  | 10 | 10.0
Unarmed Combat | 1 |  1.7

Action                     |  1- 3 |  4- 6 |  7- 9 | 10-12 | 13-15 | 16-18 | 19-21 || total
---------------------------+-------+-------+-------+-------+-------+-------+-------++-------
  Melee: Unarmed           |    15 |    28 |    29 |    68 |   100 |    90 |    94 ||   424
         Bite              |     1 |       |     6 |    12 |    22 |    23 |    21 ||    85
         Punch             |       |       |     1 |       |     3 |     1 |     1 ||     6
         Constrict         |       |       |       |       |       |       |     2 ||     2
   Cast: Summon Small Mamm |    34 |    34 |    39 |    14 |    22 |     5 |       ||   148
         Call Imp          |    25 |    29 |    34 |    21 |    16 |     4 |       ||   129
         Call Canine Famil |     1 |    33 |    40 |    73 |    51 |    30 |     2 ||   230
         Summon Guardian G |       |       |    16 |    63 |    13 |     7 |     3 ||   102
         Summon Lightning  |       |       |    20 |   102 |   136 |    41 |     8 ||   307
         Summon Mana Viper |       |       |       |     2 |   100 |   138 |    38 ||   278
         Summon Cactus Gia |       |       |       |    10 |   133 |   126 |    22 ||   291
         Summon Forest     |       |       |       |       |    37 |    43 |    20 ||   100
         Borgnjor's Vile C |       |       |       |       |       |   114 |    38 ||   152
         Summon Hydra      |       |       |       |       |       |   115 |   125 ||   240
         Malign Gateway    |       |       |       |       |       |       |    37 ||    37
         Dispel Undead     |       |       |       |       |       |       |     4 ||     4
 Invoke: Call Merchant     |       |       |       |       |     1 |       |       ||     1
         Potion Petition   |       |       |       |       |     1 |     5 |     7 ||    13
  Evoke: Wand              |       |       |       |    17 |     8 |    29 |    11 ||    65
         Phial of floods   |       |       |       |       |     1 |     2 |     1 ||     4
         Lightning rod     |       |       |       |       |       |     5 |       ||     5
         Sack of spiders   |       |       |       |       |       |       |     1 ||     1
    Use: Scroll            |       |     2 |    15 |     8 |    13 |     8 |     9 ||    55
         Potion            |       |     1 |     1 |     3 |     3 |    16 |     5 ||    29
   Stab: Sleeping          |       |     2 |       |     1 |     1 |     4 |       ||     8
         Distracted        |       |       |     1 |       |       |     1 |     3 ||     5
         Betrayed ally     |       |       |       |       |       |       |     1 ||     1
 Armour: Skin              |     6 |     8 |    19 |    69 |    83 |   164 |   133 ||   482
  Dodge: Dodged            |    22 |    58 |    61 |   229 |   310 |   431 |   365 ||  1476
   Form: Anaconda          |       |       |       |       |       |       |     1 ||     1

Table legend: (Time is in decaauts)
 A = Elapsed time spent in this place.
 B = Non-inter-level travel time spent in this place.
 C = Inter-level travel time spent in this place.
 D = Time resting spent in this place.
 E = Time spent auto-exploring this place.
 F = Levels seen in this place.
 G = Mean time per level.
                   A        B        C        D        E       F      G
               +--------+--------+--------+--------+--------+-----+--------+
         Total |  61201 |  58873 |   2328 |  20323 |  22942 |  39 | 1569.3 |
       Dungeon |  25558 |  24388 |   1170 |   7960 |  11405 |  15 | 1703.9 |
        Temple |     30 |      2 |     28 |      0 |      0 |   1 |   30.0 |
          Lair |   6740 |   6279 |    461 |   1071 |   2808 |   5 | 1348.0 |
        Shoals |   6859 |   6709 |    150 |   2273 |   2640 |   4 | 1714.8 |
     Snake Pit |   7881 |   7638 |    243 |   3537 |   2081 |   4 | 1970.2 |
  Orcish Mines |   2945 |   2865 |     80 |    488 |   1338 |   2 | 1472.5 |
   Elven Halls |   8619 |   8428 |    191 |   3945 |   2327 |   3 | 2873.0 |
        Vaults |    106 |    106 |      0 |      0 |     44 |   1 |  106.0 |
        Bailey |    978 |    978 |      0 |    425 |    178 |   1 |  978.0 |
      Ice Cave |    989 |    989 |      0 |    396 |    117 |   1 |  989.0 |
       Volcano |    261 |    261 |      0 |    125 |      0 |   1 |  261.0 |
      Gauntlet |    229 |    229 |      0 |    100 |      0 |   1 |  229.0 |
               +--------+--------+--------+--------+--------+-----+--------+

Top non-repeatable levels by time:
   Elf:3: 3200 daAuts
   Elf:1: 2865 daAuts
 Snake:4: 2647 daAuts
    D:12: 2616 daAuts
   Elf:2: 2553 daAuts
     D:6: 2249 daAuts
 Snake:1: 2235 daAuts
     D:5: 2232 daAuts
Shoals:4: 2074 daAuts
     D:8: 2011 daAuts
    D:11: 1945 daAuts
  Lair:5: 1919 daAuts
Shoals:3: 1895 daAuts
     D:9: 1852 daAuts
     D:1: 1746 daAuts
